 Dungeon Crawl Stone Soup version 0.21.1-1-g345015f (webtiles) character file.

137 theblackcape the Scratcher (level 5, -2/22 HPs)
             Began as a Felid Transmuter on June 4, 2018.
             Killed from afar by Dowan (8 damage)
             ... with a puff of flame
             ... on level 4 of the Dungeon.
             The game lasted 00:23:39 (6761 turns).

theblackcape the Scratcher (Felid Transmuter)       Turns: 6761, Time: 00:23:40

Health: -2/22      AC:  1    Str:  6    XL:     5   Next: 0%
Magic:  9/9        EV: 18    Int: 15    God:
Gold:   161        SH:  0    Dex: 17    Spells: 1/9 levels left
                                        Lives:  0   Deaths: 1

rFire    . . .     SeeInvis +     - Unarmed
rCold    . . .     Gourm    .   (shield unavailable)
rNeg     . . .     Faith    .   (armour unavailable)
rPois    .         Spirit   .   (helmet unavailable)
rElec    .         Reflect  .   (cloak unavailable)
rCorr    .         Harm     .   (gloves unavailable)
MR       .....                  (boots unavailable)
Stlth    +++.......             (no amulet)
HPRegen  0.07/turn              (no ring)
MPRegen  0.11/turn              (no ring)

@: drained, quick
A: very small, no armour, no weapons or thrown items, stealth, claws 1, fangs 3,
see invisible, carnivore, speed 1, shaggy fur 1, slow metabolism 1, sharp paws
a: no special abilities


You were on level 4 of the Dungeon.
You were not hungry.

You visited 1 branch of the dungeon, and saw 5 of its levels.

You collected 161 gold pieces.

Inventory:

Missiles
 a - 5 arrows
Wands
 q - a wand of random effects (22)
Scrolls
 h - a scroll of identify
 j - a scroll of fog {unknown}
 k - a scroll of immolation {unknown}
 l - a scroll of fear {unknown}
 n - 4 scrolls of remove curse
 o - a scroll of magic mapping
 p - a scroll of enchant weapon {unknown}
Potions
 d - a potion of berserk rage {unknown}
 e - 5 potions of curing
 f - a potion of brilliance {unknown}
 g - a potion of agility {unknown}
 i - a potion of might {unknown}
 m - a potion of lignification
Books
 b - a book of Changes

   Spells                             Type                      Level
   a - Beastly Appendage              Transmutation                1
   b - Sticks to Snakes               Transmutation                2
   c - Spider Form                    Transmutation/Poison         3
   d - Ice Form                       Ice/Transmutation            4
   e - Blade Hands                    Transmutation                5
Comestibles
 c - 8 rations


   Skills:
 + Level 1.1(0.6) Fighting
 + Level 3.8(3.3) Dodging
 * Level 3.8(3.3) Stealth
 + Level 4.4(3.9) Unarmed Combat
 + Level 2.5(2.0) Spellcasting
 + Level 2.9(2.4) Transmutations


You had one spell level left.
You knew the following spells:

 Your Spells              Type           Power        Failure   Level  Hunger
a - Beastly Appendage     Tmut           #.....       9%          1    #......
b - Sticks to Snakes      Tmut           #.......     12%         2    ###....
c - Blade Hands           Tmut           #.........   92%         5    ######.


Dungeon Overview and Level Annotations

Branches:
Dungeon (5/15)
 Temple: D:4-7

Altars:
Hepliaklqana
Trog
Uskayaw
The Shining One

Annotations:
D:4 Dowan, Duvessa


Innate Abilities, Weirdness & Mutations

You cannot wear armour.
You are incapable of wielding weapons or throwing items.
Your paws allow you to move quietly. (Stealth)
You have sharp claws.
You have razor-sharp teeth.
You have supernaturally acute eyesight. (SInv)
You are carnivorous and can eat meat at any time.
You cover ground quickly.
You are covered in fur. (AC +1)
You have a slow metabolism.
Your sharp claws are effective at attacking unaware monsters.


Message History

You start waiting.
Done waiting.
There is a stone staircase leading down here.
You can't go up here!
You climb downwards.
Level annotation: Dowan, Duvessa Duvessa hits you with a short sword.
There is a stone staircase leading up here.
You scratch Duvessa but do no damage. Duvessa misses you.
You scratch Duvessa. You bite Duvessa, but do no damage.
Duvessa is lightly wounded.
Dowan hits you with a dagger of draining.
You feel drained. Duvessa closely misses you. Dowan misses you.
Duvessa hits you with a short sword!
* * * LOW HITPOINT WARNING * * *
You climb upwards.
There is a stone staircase leading down here.
Dowan gestures at you while chanting. The puff of flame hits you!
You die...

## ##.#
#..# ##.##
#..# ##.##
### #.e#
#..###@##
#....e.#
#.....##
####..#
##.# #.#
#.# ###
#.####.##
#..#....##


You could see Duvessa and Dowan.

Vanquished Creatures
  A centaur skeleton (D:4)
  A gnoll (D:1)
  6 adders
  2 oozes (D:1)
  2 worms (D:3)
  2 dart slugs
  2 leopard geckos
  An orc (D:3)
  13 bats
  4 giant cockroaches
  4 goblins
  11 hobgoblins
  3 jackals (D:3)
  8 kobolds
  3 quokkas (D:2)
  3 frilled lizards
  8 rats
74 creatures vanquished.

Vanquished Creatures (collateral kills)
  2 adders
  A rat (D:3)
3 creatures vanquished.

Grand Total: 77 creatures vanquished

Notes
Turn   | Place    | Note
-------+----------+-------------------------------------------
     0 | D:1      | theblackcape the Felid Transmuter began the quest for the Orb.
     0 | D:1      | Reached XP level 1. HP: 9/9 MP: 4/4
   310 | D:1      | Reached XP level 2. HP: 6/12 MP: 6/6
   461 | D:1      | Reached skill level 1 in Stealth
   911 | D:1      | Reached XP level 3. HP: 11/15 MP: 5/7
  2022 | D:2      | Learned a level 2 spell: Sticks to Snakes
  2071 | D:2      | Reached XP level 4. HP: 19/19 MP: 8/8
  2151 | D:2      | Found a hide-covered altar of Uskayaw.
  2308 | D:2      | Reached skill level 4 in Unarmed Combat
  2524 | D:2      | Found a bloodstained altar of Trog.
  3240 | D:3      | Found a hazy altar of Hepliaklqana.
  4121 | D:3      | Slain by an adder
  4122 | D:3      | Reached XP level 3. HP: 0/15 MP: 7/7
  4132 | D:3      | Reached XP level 4. HP: 19/19 MP: 4/8
  5475 | D:4      | Found a glowing golden altar of the Shining One.
  5508 | D:4      | Noticed a phantom
  5846 | D:4      | Reached XP level 5. HP: 22/22 MP: 9/9
  5853 | D:4      | Learned a level 5 spell: Blade Hands
  6300 | D:5      | Entered Level 5 of the Dungeon
  6300 | D:5      | Noticed Dowan
  6301 | D:5      | Noticed Duvessa
  6761 | D:4      | Killed from afar by Dowan

Skill      XL: |  1  2  3  4 |
---------------+-------------+-----
Stealth        | 1 2 3 |  3.8
Dodging        | 3 |  3.8
Unarmed Combat | 4 |  4.4
Fighting       | |  1.1
Spellcasting   | |  2.5
Transmutations | |  2.9

Action                   |  1- 3 |  4- 6 || total
-------------------------+-------+-------++-------
Melee: Unarmed           |   120 |   173 ||   293
       Headbutt          |     6 |    18 ||    24
       Bite              |    15 |    13 ||    28
       Punch             |     1 |     7 ||     8
 Cast: Beastly Appendage |     5 |    17 ||    22
       Sticks to Snakes  |     1 |     6 ||     7
  Use: Scroll            |     1 |     6 ||     7
       Potion            |       |     1 ||     1
 Stab: Sleeping          |     4 |     6 ||    10
  Eat: Chunk             |     8 |     7 ||    15
Armor: Skin              |     8 |    13 ||    21
Dodge: Dodged            |   108 |   197 ||   305
